 Dungeon Crawl Stone Soup version 0.31-a0-691-g409c26aa35 (webtiles) character file.

Game seed: 16491026788659852675

469 iamoutofideas the Cleaver (level 7, 0/58 HPs)
             Began as a Hill Orc Berserker on Sept 7, 2023.
             Was a Priest of Trog.
             Slain by a gnoll
             ... wielding a +0 halberd
             ... led by a gnoll bouda
              (3 damage)
             ... on level 5 of the Dungeon.
             The game lasted 00:05:23 (3075 turns).

iamoutofideas the Cleaver (Hill Orc Berserker)      Turns: 3075, Time: 00:05:24

Health: 0/58       AC:  7    Str: 22    XL:     7   Next: 9%
Magic:  7/7        EV: 10    Int:  7    God:    Trog [***...]
Gold:   120        SH:  3    Dex: 10    Spells: 6/6 levels left

rFire   . . .        a - +1 hand axe
rCold   . . .        m - +0 buckler
rNeg    . . .        l - +0 scale mail
rPois   +            (no helmet)
rElec   .            (no cloak)
rCorr   +            (no gloves)
SInv    .            g - +0 pair of boots
Will    .....        (no amulet) Stlth
                     c - ring of resist corrosion
HPRegen 0.29/turn    o - ring of poison resistance
MPRegen 0.10/turn

%: no passive effects
@: brilliant
A: no striking features
a: Renounce Religion, Convert to Beogh, Berserk, Trog's Hand


You were on level 5 of the Dungeon.
You worshipped Trog.
Trog was most pleased with you.
You visited 1 branch of the dungeon, and saw 5 of its levels.

You collected 120 gold pieces.

Inventory:

Hand Weapons
 a - a +1 hand axe (weapon)
 e - a +0 war axe
Armour
 b - a +0 animal skin
 g - a +0 pair of boots (worn)
 k - a +0 ring mail
 l - a +0 scale mail (worn)
 m - a +0 buckler (worn)
Jewellery
 c - a ring of resist corrosion (left hand)
 h - a ring of flight
 o - a ring of poison resistance (right hand)
Talismans
 q - a blade talisman
Scrolls
 d - 3 scrolls of identify
 i - a scroll of fear {unknown}
 p - a scroll of amnesia
Potions
 f - a potion of might {unknown}
 j - 2 potions of brilliance


   Skills:
 - Level 3.7 Fighting
 + Level 10.1 Axes
 - Level 2.3 Armour
 - Level 1.7 Dodging


You had 6 spell levels left.
You didn't know any spells.
Your spell library contained the following spells:

 Spells                   Type           Power      Damage    Failure   Level
 Dazzling Flash           Conj/Hex       0%         N/A       99%         3
 Agony                    Necr           0%         N/A       100%        5
 Silence                  Hex/Air        0%         N/A       100%        5


Dungeon Overview and Level Annotations

Branches:
Dungeon (6/15)
 Temple: D:4-7

Altars:
Ru


Message History

The orc priest shouts, "Join the one true god or die!"
You block the gnoll's attack.
A gnoll comes into view. It is wielding a +0 whip.
You closely miss the gnoll.
The gnoll is moderately wounded.
The gnoll shouts!
You hit the orc priest. You barely miss the iguana.
The iguana closely misses you.
The orc hits you from afar with a +0 trident.
The orc priest hits you with a +0 flail.
Unknown command.
You are too injured to fight recklessly!
Unknown command.
You are too injured to fight recklessly!
Unknown command.
You are too injured to fight recklessly!
You are too injured to fight recklessly!
You closely miss the orc priest.
The orc priest is heavily wounded.
You barely miss the gnoll. You hit the iguana but do no damage.
The gnoll misses you. The iguana bites you. You block the orc's attack.
The gnoll hits you from afar with a +0 halberd!
The orc priest hits you but does no damage.
You hit the orc priest.
The orc priest is heavily wounded.
You completely miss the gnoll. You hit the iguana but do no damage.
You block the gnoll's attack. The orc misses you. The iguana barely misses you.
Unknown command.
Unknown command.
It was a potion of brilliance.
You feel clever all of a sudden.
The gnoll hits you from afar with a +0 halberd.
* * * LOW HITPOINT WARNING * * *
The orc priest calls down the wrath of Beogh upon you.
Beogh smites you!
* * * LOW HITPOINT WARNING * * *
The orc closely misses you.
The iguana bites you but does no damage.
The gnoll hits you with a +0 halberd.
You die...

.#######+########
.................
........gl)......
#...g.g.@.o......
#.......o........
....##'###########
...
#.................#
.
#.................#
#.................#
#.................
#................
#...##....###..#


You could see an iguana, an orc priest, 3 gnolls and an orc.

Vanquished Creatures
  A sky beast (D:6)
  A scorpion (D:6)
  5 hounds
  Terence (D:2)
  4 gnolls (D:6)
  3 adders
  A worm (D:2)
  2 dart slugs (D:2)
  2 orcs
  6 endoplasms
  5 giant cockroaches
  3 goblins
  7 hobgoblins
  8 jackals (D:1)
  3 quokkas
  6 ball pythons
  2 bats
  A frilled lizard (D:1)
  5 kobolds
  6 rats
72 creatures vanquished.

Notes
Turn   | Place    | Note
-------+----------+-------------------------------------------
     0 | D:1      | iamoutofideas the Hill Orc Berserker began the quest for
                  | the Orb.
     0 | D:1      | Reached XP level 1. HP: 19/19 MP: 1/1
   220 | D:1      | Reached XP level 2. HP: 27/27 MP: 2/2
   711 | D:1      | Reached skill level 5 in Axes
   721 | D:1      | Reached XP level 3. HP: 22/33 MP: 3/3
   727 | D:1      | Reached ** piety under Trog
  1460 | D:2      | Reached skill level 6 in Axes
  1501 | D:2      | Reached XP level 4. HP: 39/40 MP: 4/4
  1510 | D:2      | Noticed Terence
  1537 | D:2      | Killed Terence
  2319 | D:2      | Reached skill level 7 in Axes
  2361 | D:2      | Reached XP level 5. HP: 46/46 MP: 5/5
  2551 | D:3      | Found a sacrificial altar of Ru.
  2653 | D:3      | You fall into a shaft and drop 3 floors!
  2656 | D:6      | Noticed a sky beast
  2673 | D:6      | Killed a sky beast
  2674 | D:6      | Reached skill level 8 in Axes
  2674 | D:6      | Reached XP level 6. HP: 35/52 MP: 6/6
  2772 | D:6      | Reached skill level 9 in Axes
  2844 | D:6      | Reached *** piety under Trog
  3001 | D:5      | Entered Level 5 of the Dungeon
  3035 | D:5      | Reached XP level 7. HP: 58/58 MP: 7/7
  3066 | D:5      | Reached skill level 10 in Axes
  3075 | D:5      | Slain by a gnoll

Illustrated notes

Levels and vault maps discovered:
D:1:      dpeg_arrival_erosion, layout_loops_ring, serial_forest,
          infiniplex_forest_end_3, infiniplex_forest_end_double,
          infiniplex_forest_clump_C, infiniplex_forest_lined_room_,
          infiniplex_forest_lined_2, infiniplex_forest_pool
D:2:      layout_basic, minmay_puff, uniq_terence
D:3:      layout_basic, nicolae_ru_the_path_less_chosen, portal_sewer_entry_a,
          uniq_sigmund, uniq_jessica
D:5:      layout_gridville, grunt_dithmenos_shadows,
          minmay_temple_entry_purple_smoke
D:6:      layout_basic

Skill      XL: |  1  2  3  4  5  6  7 |
---------------+----------------------+-----
Axes           | 5 6 7 8 9 10 | 10.1
Fighting       | |  3.7
Armour         | |  2.3
Dodging        | |  1.7

Action                     |  1- 3 |  4- 6 |  7- 9 || total
---------------------------+-------+-------+-------++-------
  Melee: Hand axe          |   158 |   171 |    14 ||   343
         Punch             |     2 |     3 |       ||     5
    Use: Scroll            |       |     5 |       ||     5
         Potion            |       |       |     1 ||     1
 Armour: Animal skin       |    75 |       |       ||    75
         Ring mail         |     1 |    17 |       ||    18
         Scale mail        |       |    76 |    16 ||    92
  Dodge: Dodged            |    88 |    74 |     6 ||   168
  Block: Buckler           |       |       |     6 ||     6

Table legend: (Time is in decaauts)
 A = Elapsed time spent in this place.
 B = Non-inter-level travel time spent in this place.
 C = Inter-level travel time spent in this place.
 D = Time resting spent in this place.
 E = Time spent auto-exploring this place.
 F = Levels seen in this place.
 G = Mean time per level.
                   A        B        C        D        E       F      G
               +--------+--------+--------+--------+--------+-----+--------+
         Total |   3065 |   2927 |    138 |    553 |   1603 |   5 |  613.0 |
       Dungeon |   3065 |   2927 |    138 |    553 |   1603 |   5 |  613.0 |
               +--------+--------+--------+--------+--------+-----+--------+

Top non-repeatable levels by time:
     D:1: 1319 daAuts
     D:2: 1229 daAuts
     D:6: 339 daAuts
     D:3: 107 daAuts
     D:5: 69 daAuts
